 Dungeon Crawl Stone Soup version 0.23.0-3-gf3c87f2 (webtiles) character file.

Game seed: 15187683192584946327

76 Faca the Slinger (level 4, 0/38 HPs)
             Began as a Gnoll Hunter on Feb 20, 2019.
             Was an Initiate of Okawaru.
             Slain by a worm (10 damage)
             ... on level 2 of the Dungeon.
             The game lasted 00:05:31 (1666 turns).

Faca the Slinger (Gnoll Hunter)                     Turns: 1666, Time: 00:05:32

Health: 0/38       AC:  4    Str: 15    XL:     4   Next: 32%
Magic:  5/5        EV: 15    Int: 13    God:    Okawaru [......]
Gold:   49         SH:  0    Dex: 21    Spells: 5/5 levels left

rFire    . . .     SeeInvis .   b - +0 short sword
rCold    . . .     Gourm    .   (no shield)
rNeg     . . .     Faith    .   c - +0 leather armour
rPois    .         Spirit   .   (no helmet)
rElec    .         Reflect  .   (no cloak)
rCorr    .         Harm     .   h - +0 pair of gloves
MR       .....                  (no boots)
Stlth    ++........             (no amulet)
HPRegen  0.12/turn              m - +5 ring of dexterity
MPRegen  0.09/turn              (no ring)

@: lethally poisoned (0 -> -7), hasted, very quick
A: distributed training, fangs 1, strong nose
a: Renounce Religion


You were on level 2 of the Dungeon.
You worshipped Okawaru.
Okawaru was noncommittal.
You were hungry.

You visited 1 branch of the dungeon, and saw 3 of its levels.

You collected 49 gold pieces.

Inventory:

Hand Weapons
 a - a +1 hunting sling
 b - a +0 short sword (weapon)
Missiles
 d - 20 sling bullets
 k - 23 stones (quivered)
Armour
 c - a +0 leather armour (worn)
 h - a +0 pair of gloves (worn)
Jewellery
 m - a +5 ring of dexterity (left hand)
Scrolls
 i - a scroll of fear {unknown}
 n - 2 scrolls of identify {unknown}
Potions
 e - a potion of brilliance {unknown}
 j - a potion of might {unknown}
 l - 3 potions of haste
Comestibles
 f - 3 rations


   Skills:
 + Level 4.6 Fighting
 + Level 1.1 Short Blades
 + Level 1.1 Long Blades
 + Level 1.1 Axes
 + Level 1.1 Maces & Flails
 + Level 1.1 Polearms
 + Level 1.1 Staves
 + Level 8.5 Slings
 + Level 1.1 Bows
 + Level 1.1 Crossbows
 + Level 1.1 Throwing
 + Level 1.1 Armour
 + Level 4.6 Dodging
 + Level 2.5 Stealth
 + Level 1.1 Shields
 + Level 1.1 Unarmed Combat
 + Level 1.1 Spellcasting
 + Level 0.8 Conjurations
 + Level 0.8 Hexes
 + Level 0.8 Charms
 + Level 0.8 Summonings
 + Level 0.8 Necromancy
 + Level 0.8 Translocations
 + Level 0.8 Transmutations
 + Level 0.8 Fire Magic
 + Level 0.8 Ice Magic
 + Level 0.8 Air Magic
 + Level 0.8 Earth Magic
 + Level 0.8 Poison Magic
 + Level 1.2 Invocations
 + Level 1.1 Evocations


You had 5 spell levels left.
You didn't know any spells.
Your spell library was empty.

Dungeon Overview and Level Annotations

Branches:
Dungeon (3/15)

Altars:
Nemelex Xobeh
Okawaru


Innate Abilities, Weirdness & Mutations

Your experience applies equally to all skills.
You have very sharp teeth.
Your uncanny sense of smell can sniff out nearby items.


Message History

You are more poisoned.
The adder poisons you! The worm bites you but does no damage.
You hit the adder. Your bite misses the adder.
The adder is almost dead.
The adder barely misses you.
You hit the adder. Your bite misses the adder.
The adder is almost dead.
You feel sick. The adder closely misses you.
You closely miss the adder. Your bite misses the adder.
The adder is almost dead.
You feel sick. The adder closely misses you. The worm closely misses you.
You closely miss the adder.
The adder is almost dead.
The adder bites you.
* * * LOW HITPOINT WARNING * * *
You hit the adder.
You kill the adder!
Okawaru accepts your kill.
You feel sick. The worm bites you!
You die...

#.# #.# #.# #.#
#.# #.####### #.#
#># #.......#####
#.#
#.##########......
#.#
#............#####
#)#
############.#####
#.# #.#....
#.######## #.#.###
#......w@# #......
########†# ###.###
#.###########...##
#.................
###########....#..
#...#.#. #..#._.#
#...#.#. #....#..


You could see a worm.

Vanquished Creatures
  2 adders (D:2)
  2 leopard geckos
  An orc (D:3)
  3 ball pythons
  9 bats
  4 giant cockroaches
  6 goblins
  6 hobgoblins
  5 jackals
  A quokka (D:2)
  3 frilled lizards
  3 kobolds
  5 rats
50 creatures vanquished.

Notes
Turn   | Place    | Note
-------+----------+-------------------------------------------
     0 | D:1      | Faca the Gnoll Hunter began the quest for the Orb.
     0 | D:1      | Reached XP level 1. HP: 20/20 MP: 1/1
   110 | D:1      | Reached XP level 2. HP: 21/26 MP: 2/2
   600 | D:1      | Reached XP level 3. HP: 30/31 MP: 3/3
  1041 | D:2      | Found a sparkling altar of Nemelex Xobeh.
  1180 | D:2      | Reached skill level 1 in Invocations
  1192 | D:2      | Found an iron altar of Okawaru.
  1219 | D:2      | Became a worshipper of Warmaster Okawaru
  1302 | D:2      | Reached skill level 1 in Short Blades
  1302 | D:2      | Reached skill level 1 in Long Blades
  1302 | D:2      | Reached skill level 1 in Axes
  1302 | D:2      | Reached skill level 1 in Maces & Flails
  1302 | D:2      | Reached skill level 1 in Polearms
  1302 | D:2      | Reached skill level 1 in Staves
  1302 | D:2      | Reached skill level 1 in Bows
  1302 | D:2      | Reached skill level 1 in Crossbows
  1302 | D:2      | Reached skill level 1 in Throwing
  1302 | D:2      | Reached skill level 1 in Armour
  1302 | D:2      | Reached skill level 1 in Shields
  1302 | D:2      | Reached skill level 1 in Unarmed Combat
  1302 | D:2      | Reached skill level 1 in Spellcasting
  1302 | D:2      | Reached skill level 1 in Evocations
  1434 | D:2      | Reached XP level 4. HP: 33/38 MP: 5/5
  1666 | D:2      | Slain by a worm

Skill      XL: |  1  2  3 |
---------------+----------+-----
Invocations    | 1 |  1.2
Short Blades   | 1 |  1.1
Long Blades    | 1 |  1.1
Axes           | 1 |  1.1
Maces & Flails | 1 |  1.1
Polearms       | 1 |  1.1
Staves         | 1 |  1.1
Bows           | 1 |  1.1
Crossbows      | 1 |  1.1
Throwing       | 1 |  1.1
Armour         | 1 |  1.1
Shields        | 1 |  1.1
Unarmed Combat | 1 |  1.1
Spellcasting   | 1 |  1.1
Evocations     | 1 |  1.1
Fighting       | |  4.6
Slings         | |  8.5
Dodging        | |  4.6
Stealth        | |  2.5
Conjurations   | |  0.8
Hexes          | |  0.8
Charms         | |  0.8
Summonings     | |  0.8
Necromancy     | |  0.8
Translocations | |  0.8
Transmutations | |  0.8
Fire Magic     | |  0.8
Ice Magic      | |  0.8
Air Magic      | |  0.8
Earth Magic    | |  0.8
Poison Magic   | |  0.8

Action                   |  1- 3 |  4- 6 || total
-------------------------+-------+-------++-------
Melee: Short sword       |   156 |    36 ||   192
       Bite              |    12 |     5 ||    17
       Punch             |     1 |       ||     1
  Use: Potion            |       |     2 ||     2
 Stab: Sleeping          |     4 |     2 ||     6
  Eat: Chunk             |     2 |       ||     2
Armor: Leather armour    |    45 |    12 ||    57
Dodge: Dodged            |   139 |    33 ||   172
